 Dungeon Crawl Stone Soup version 0.19.0-19-g8c6edcc (webtiles) character file.

191 Leybi the Covert (level 5, 0/26 HPs)
             Began as a Vine Stalker Assassin on Nov 13, 2016.
             Slain by Philosophy's ghost (5 damage)
             ... on level 3 of the Dungeon.
             The game lasted 00:08:28 (2722 turns).

Leybi the Covert (Vine Stalker Assassin)            Turns: 2722, Time: 00:08:28

Health: 0/26       AC:  4    Str: 14    XL:     5   Next: 70%
Magic:  0/6        EV: 11    Int: 11    God:
Gold:   83         SH:  0    Dex: 16    Spells: 0 memorised, 4 levels left

rFire  . . .     SeeInvis .     a - +2 dagger
rCold  . . .     Gourm    .     c - +0 robe
rNeg   . . .     Faith    .     (no shield)
rPois  .         Spirit   +     k - +1 hat
rElec  .         Reflect  .     d - +0 cloak
rCorr  .         Harm     .     (no gloves)
MR     .....                    (no boots)
Stlth  ++++......               (no amulet)
                                (no ring)
                                (no ring)

@: no status effects
A: fangs 2, regeneration 1, magic shield, antimagic bite, no device heal 3, rot
immunity
a: no special abilities


You were on level 3 of the Dungeon.
You were not hungry.

You visited 1 branch of the dungeon, and saw 3 of its levels.

You collected 83 gold pieces.

Inventory:

Hand Weapons
 a - a +2 dagger (weapon)
 b - a +0 blowgun
Missiles
 e - 42 poisoned needles
 f - 2 curare-tipped needles
Armour
 c - a +0 robe (worn)
 d - a +0 cloak (worn)
 k - a +1 hat (worn)
 q - a +0 helmet
 v - a +0 cloak
Jewellery
 t - an uncursed amulet of guardian spirit {unknown}
Scrolls
 h - 2 scrolls of identify {unknown}
 j - a scroll of enchant weapon {unknown}
 o - 2 scrolls of remove curse {unknown}
 u - a scroll of magic mapping {unknown}
Potions
 i - 2 potions of curing {unknown}
 l - a potion of invisibility {unknown}
 s - 2 potions of flight {unknown}
Comestibles
 g - 3 bread rations
 m - 2 meat rations
 n - a slice of pizza
 p - 8 chunks of flesh
 r - 2 fruits


   Skills:
 - Level 1.7 Fighting
 - Level 1.7 Short Blades
 - Level 1.7 Throwing
 - Level 0.7 Dodging
 + Level 8.6 Stealth


You had 4 spell levels left.
You didn't know any spells.

Dungeon Overview and Level Annotations

Branches:
Dungeon (3/15)

Altars:
Nemelex Xobeh
Okawaru
Ru
Trog
Xom

Annotations:
D:3 Philosophy's ghost, amateur CeHu


Innate Abilities, Weirdness & Mutations

You have extremely sharp teeth.
Your natural rate of healing is unusually fast.
When hurt, damage is shared between your health and your magic reserves.
Your bite disrupts and absorbs the magic of your enemies.
Potions and wands cannot restore your health.
You are immune to rotting.


Message History

Philosophy's ghost hits you!
* * * LOW HITPOINT WARNING * * *
You barely miss Philosophy's ghost.
You bite Philosophy's ghost, but do no damage.
Philosophy's ghost is almost destroyed.
Philosophy's ghost misses you.
You hit Philosophy's ghost but do no damage.
You bite Philosophy's ghost. You drain its power.
You feel invigorated.
Philosophy's ghost is almost destroyed.
Philosophy's ghost hits you.
* * * LOW HITPOINT WARNING * * *
You hit Philosophy's ghost but do no damage.
Philosophy's ghost is almost destroyed.
Philosophy's ghost hits you!
* * * LOW HITPOINT WARNING * * *
Philosophy's ghost misses you.
You hit Philosophy's ghost.
Philosophy's ghost is almost destroyed.
Philosophy's ghost hits you.
You die...

#.............#
#..........##.#
#..........##.#
#..........##.#
#..........##.#
#..........##.#
##....[.....##.###
#...(.............
#@#####.###.......
#W# #.# #....(..
#.# ######.......
#.###.....#.......
#.....$._.#.......
#####.....#.......
######...)...
#......# ########


You could see Philosophy's ghost.

Vanquished Creatures
  Terence (D:1)
  7 adders
  An ooze (D:2)
  4 worms
  4 dart slugs
  5 leopard geckos
  2 orcs (D:3)
  12 bats
  3 giant cockroaches (D:2)
  6 goblins
  6 hobgoblins
  3 jackals (D:2)
  7 kobolds
  6 frilled lizards
  8 rats
75 creatures vanquished.

Vanquished Creatures (others)
  A goblin (D:1)
  A rat (D:1)
2 creatures vanquished.

Grand Total: 77 creatures vanquished

Notes
Turn   | Place    | Note
-------+----------+-------------------------------------------
     0 | D:1      | Leybi the Vine Stalker Assassin began the quest for the Orb.
     0 | D:1      | Reached XP level 1. HP: 11/11 MP: 2/2
     8 | D:1      | Reached skill level 5 in Stealth
   100 | D:1      | Reached XP level 2. HP: 10/15 MP: 1/3
   794 | D:1      | Reached skill level 6 in Stealth
   959 | D:2      | Found a shimmering altar of Xom.
   969 | D:2      | Reached XP level 3. HP: 16/18 MP: 4/4
  1012 | D:2      | Noticed Terence
  1693 | D:2      | Gained mutation: Your natural rate of healing is unusually fast. [Vine Stalker growth]
  1693 | D:2      | Reached XP level 4. HP: 15/23 MP: 5/5
  1787 | D:2      | Reached skill level 7 in Stealth
  1807 | D:2      | Found a faded altar of an unknown god.
  1807 | D:2      | Found a faded altar of an unknown god.
  1812 | D:2      | Found a faded altar of an unknown god.
  1814 | D:2      | Found a sacrificial altar of Ru.
  1816 | D:2      | Found a faded altar of an unknown god.
  2077 | D:2      | Reached XP level 5. HP: 26/26 MP: 6/6
  2247 | D:1      | Killed Terence
  2247 | D:1      | Reached skill level 8 in Stealth
  2395 | D:3      | Found an iron altar of Okawaru.
  2531 | D:3      | Found a sparkling altar of Nemelex Xobeh.
  2689 | D:3      | Found a bloodstained altar of Trog.
  2690 | D:3      | Noticed Philosophy's ghost (amateur CeHu)
  2715 | D:3      | HP: 1/26 [Philosophy's ghost (4)]
  2722 | D:3      | Slain by Philosophy's ghost

Skill      XL: |  1  2  3  4  5 |
---------------+----------------+-----
Stealth        | 5 6 7 8 |  8.6
Fighting       | |  1.7
Short Blades   | |  1.7
Throwing       | |  1.7
Dodging        | |  0.7

Action                   |  1- 3 |  4- 6 || total
-------------------------+-------+-------++-------
Melee: Dagger            |   108 |   134 ||   242
       Bite              |    26 |    36 ||    62
 Stab: Sleeping          |     7 |    22 ||    29
  Eat: Chunk             |     2 |     4 ||     6
Armor: Robe              |   102 |    17 ||   119
Dodge: Dodged            |   165 |    46 ||   211
